Map: Frozen Temple

Players

ThisGameSuck - Winner!

  • Race: Protoss Protoss
  • League: Grandmaster

IIIIIIIIIIII

  • Race: Zerg Zerg
  • League: Master

VOD

Have the link to the VOD?

Description

Time

  • Played on: June 30, 2016, 9:39 a.m.
  • Length: 4:12
Show
View Real Time Build Order
Export as new Build Order

ThisGameSuck Protoss - Winner!

Build Orders: 1 Gate Expand 

Get SALT Encoding   

  12  0:01  Probe (Chrono Boost)  
  13  0:11  Probe (Chrono Boost)  
  14  0:23  Pylon, Probe (Chrono Boost)  
  15  0:41  Gateway  
  15  0:42  Probe (Chrono Boost)  
  16  0:51  Assimilator  
  16  0:52  Probe (Chrono Boost)  
  17  1:03  Probe (Chrono Boost)  
  18  1:13  Probe (Chrono Boost)  
  19  1:20  Nexus  
  20  1:30  Zealot (Chrono Boost)  
  21  1:34  Cybernetics Core  
  21  1:37  Pylon  
  21  1:46  Pylon  
  21  1:49  Gateway  
  21  1:53  Probe  
  22  1:55  Zealot (Chrono Boost)  
  23  2:10  Mothership Core (Chrono Boost)  
  25  2:16  Cybernetics Core  
  25  2:29  Probe (Chrono Boost)  
  26  2:31  Adept (Chrono Boost)  
  26  2:36  Assimilator  
  28  2:40  Probe  
  29  2:53  Gateway, Probe  
  32  3:00  Sentry (Chrono Boost)  
  32  3:05  Probe  
  33  3:14  Pylon  
  33  3:17  Probe  
  34  3:29  Nexus  
  34  3:30  Probe  
  35  3:38  Sentry (Chrono Boost)  
  37  3:47  Pylon  
  37  3:53  Gateway  
  33  3:58  Probe  
Show
View Real Time Build Order
Export as new Build Order

IIIIIIIIIIII Zerg 

Build Orders: Pool Only 

Get SALT Encoding   

  12  0:19  Spawning Pool  
  11  0:22  Drone  
  11  0:26  Extractor  
  11  0:29  Drone  
  11  0:34  Drone  
  13  0:44  Overlord  
  13  1:05  Zergling x4  
  13  1:06  Zergling x2  
  16  1:16  Zergling x2  
  17  1:20  Queen  
  19  1:27  Zergling x2  
  20  1:33  Metabolic Boost  
  20  1:39  Zergling x2  
  21  1:50  Zergling x2  
  22  2:03  Overlord  
  22  2:26  Baneling Nest  
  21  2:38  Zergling x4  
  21  2:39  Zergling x2  
  24  2:50  Zergling x2  
  25  2:52  Zergling x4  
  25  2:53  Zergling x2  
  28  3:05  Zergling x2  
  29  3:09  Baneling x6  
  29  3:11  Baneling  
  25  3:47  Zergling x8  
Tags
 
Add a new tag
Caveats
  • Supply blocks, unpowered buildings, or Contaminate may cause inaccurate times.
  • Supply counts are checked every 10 seconds.